 Dungeon Crawl Stone Soup version 0.21.1-1-g345015f (webtiles) character file.

414 Lilu the Destroyer (level 6, 0/32 HPs)
             Began as a Deep Elf Conjurer on July 30, 2018.
             Slain by Edmund
             ... wielding a +2 flail of draining
              (11 damage)
             ... on level 4 of the Dungeon.
             The game lasted 00:14:14 (4126 turns).

Lilu the Destroyer (Deep Elf Conjurer)              Turns: 4126, Time: 00:14:15

Health: 0/32       AC:  3    Str:  7    XL:     6   Next: 60%
Magic:  12/12      EV: 12    Int: 20    God:
Gold:   422        SH:  0    Dex: 15    Spells: 4/11 levels left

rFire    . . .     SeeInvis .   u - +0 rapier
rCold    . . .     Gourm    .   (no shield)
rNeg     . . .     Faith    .   a - +0 robe
rPois    .         Spirit   .   (no helmet)
rElec    .         Reflect  .   q - +0 cloak
rCorr    .         Harm     .   (no gloves)
MR       .....                  (no boots)
Stlth    ++........             (no amulet)
HPRegen  0.10/turn              (no ring)
MPRegen  0.13/turn              (no ring)

@: heavily drained
A: no striking features
a: no special abilities


You were on level 4 of the Dungeon.
You were not hungry.

You visited 1 branch of the dungeon, and saw 4 of its levels.
You also visited: Ossuary.

You collected 422 gold pieces.

Inventory:

Hand Weapons
 u - a +0 rapier (weapon)
Missiles
 i - 43 sling bullets
 x - 5 silver javelins (quivered)
Armour
 a - a +0 robe (worn)
 q - a +0 cloak (worn)
Wands
 w - a wand of paralysis (12)
Scrolls
 d - 7 scrolls of identify {unknown}
 e - 3 scrolls of remove curse {unknown}
 k - a scroll of noise {unknown}
 m - 4 scrolls of fog {unknown}
 n - 2 scrolls of magic mapping {unknown}
 p - 3 scrolls of enchant armour {unknown}
 y - a scroll of amnesia {unknown}
Potions
 f - 2 potions of heal wounds {unknown}
 g - 2 potions of resistance {unknown}
 h - 3 potions of berserk rage {unknown}
 j - a potion of invisibility {unknown}
 l - 2 potions of degeneration {unknown}
 o - 2 potions of haste
 r - 4 potions of curing {unknown}
 s - 2 potions of might {unknown}
 t - 2 potions of flight {unknown}
 v - a potion of lignification {unknown}
 z - a potion of brilliance {unknown}
 A - 2 potions of agility {unknown}
Books
 b - a book of Conjurations

   Spells                             Type                      Level
   a - Magic Dart                     Conjuration                  1
   b - Searing Ray                    Conjuration                  2
   c - Dazzling Spray                 Conjuration/Hexes            3
   d - Fulminant Prism                Conjuration/Hexes            4
   e - Force Lance                    Conjuration/Translocation    4
   f - Iskenderun's Mystic Blast      Conjuration                  4
Comestibles
 c - 4 rations
 B - a chunk of flesh


   Skills:
 - Level 2.4(1.1) Dodging
 - Level 2.4(1.1) Stealth
 - Level 3.0(1.7) Spellcasting
 + Level 8.8(7.3) Conjurations


You had 4 spell levels left.
You knew the following spells:

 Your Spells              Type           Power        Failure   Level  Hunger
a - Magic Dart            Conj           ####         1%          1    #......
b - Searing Ray           Conj           ####..       1%          2    ###....
c - Iskenderun's Mystic   Conj           ####....     8%          4    #####..


Dungeon Overview and Level Annotations

Branches:
Dungeon (4/15)
 Temple: D:4-7

Altars:
Dithmenos
Gozag

Annotations:
D:3 Lilu's ghost, amateur DECj
D:4 Edmund


Message History

The orc shouts!
You hear a shout!
Edmund the Younger comes into view.
He is wielding a flail of draining.
Press: ? - help, v - describe, . - travel
Here: Edmund, wielding a flail of draining and wearing a scale mail The floor.
Edmund says, "People accused me of being a cutpurse!"
Edmund drinks a potion.
Edmund seems to speed up.
Edmund gestures with his flail.
Edmund hits you with a flail of draining.
You feel drained.
Edmund hits you with a flail of draining.
You feel drained.
Edmund hits you with a flail of draining.
You feel drained. Edmund hits you but does no damage.
You feel drained.
Edmund says, "Everyone always remembers my brother. 'Who's Edmund?' they ask!"
Edmund hits you with a flail of draining!
You feel drained.
Edmund hits you with a flail of draining!
You die...

#########.###...###'###...#
..........###..#.......#..##
############..###.....###..##
##..##.##...##.##..##
##..###'###.###'###..##
#.....................#
########.####.#...##### #@#
#.....# #@######.###
#........# ####.##### #.# #.#
#)# ###################.#
...............)....#
###################.#


You could see Edmund.

Vanquished Creatures
  2 ogres (D:4)
  A worker ant (D:4)
  A hound skeleton (D:4)
  9 mummies
  2 adders
  2 dart slugs
  A worm (D:3)
  4 leopard geckos
  2 ball pythons (D:2)
  2 giant cockroaches
  A gnoll zombie (Ossuary)
  7 goblins
  7 hobgoblins
  8 jackals
  6 kobolds
  A quokka (D:4)
  2 bats (D:2)
  4 frilled lizards
  6 hobgoblin zombies
  A kobold zombie (Ossuary)
  A leopard gecko skeleton (D:2)
  2 orc zombies
  10 rats
82 creatures vanquished.

Notes
Turn   | Place    | Note
-------+----------+-------------------------------------------
     0 | D:1      | Lilu the Deep Elf Conjurer began the quest for the Orb.
     0 | D:1      | Reached XP level 1. HP: 10/10 MP: 6/6
   136 | D:1      | Reached XP level 2. HP: 15/15 MP: 2/8
   142 | D:1      | Learned a level 2 spell: Searing Ray
   186 | D:1      | Reached skill level 5 in Conjurations
   574 | D:2      | Found a faded altar of an unknown god.
   705 | D:2      | Found a shadowy altar of Dithmenos.
   770 | D:2      | Reached XP level 3. HP: 19/19 MP: 3/9
  1770 | D:3      | Reached skill level 6 in Conjurations
  1771 | D:3      | Noticed Lilu's ghost (amateur DECj)
  1954 | D:3      | Found an opulent altar of Gozag.
  2161 | D:3      | Noticed an ice beast
  2186 | D:3      | Found an opulent altar of Gozag.
  2323 | D:3      | Reached XP level 4. HP: 24/24 MP: 6/10
  2329 | D:3      | Learned a level 4 spell: Iskenderun's Mystic Blast
  2585 | D:4      | Noticed a sky beast
  2777 | D:4      | Noticed an ogre
  2791 | D:4      | Killed an ogre
  2791 | D:4      | Reached skill level 7 in Conjurations
  2791 | D:4      | Reached XP level 5. HP: 22/28 MP: 6/11
  2842 | D:4      | Found a sand-covered staircase.
  2893 | Ossuary  | Entered an ossuary
  3237 | Ossuary  | Reached skill level 8 in Conjurations
  3295 | Ossuary  | Reached XP level 6. HP: 32/32 MP: 4/12
  4088 | D:4      | Noticed Edmund
  4126 | D:4      | Slain by Edmund

Skill      XL: |  1  2  3  4  5 |
---------------+----------------+-----
Conjurations   | 5 6 7 8 |  8.8
Dodging        | |  2.4
Stealth        | |  2.4
Spellcasting   | |  3.0

Action                   |  1- 3 |  4- 6 || total
-------------------------+-------+-------++-------
Melee: Club              |    14 |       ||    14
       Rapier            |     3 |    39 ||    42
 Cast: Magic Dart        |    91 |    16 ||   107
       Searing Ray       |     1 |    16 ||    17
  Eat: Chunk             |     4 |     3 ||     7
       Ration            |       |     1 ||     1
Armor: Robe              |     9 |     5 ||    14
Dodge: Dodged            |    26 |    39 ||    65
